 Dungeon Crawl Stone Soup version 0.32-a0-666-ge8a88695a4 (webtiles) character file.

Game seed: 2718745595680691482

184169 D12ThenQuit the Scorcher (level 18, 0/183 HPs)
             Began as an Oni Fire Elementalist on Jan 23, 2024.
             Was a Priest of Ashenzari.
             Hit by a javelin thrown by a merfolk javelineer (25 damage)
             ... on level 4 of the Shoals on Mar 10, 2024.
             The game lasted 01:55:01 (33919 turns).

D12ThenQuit the Scorcher (Oni Fire Elementalist)   Turns: 33919, Time: 01:55:02

Health: 0/183      AC:  9    Str: 17    XL:     18   Next: 40%
Magic:  1/42       EV: 11    Int: 22    God:    Ashenzari [***...]
Gold:   938        SH:  0    Dex:  9    Spells: 2/40 levels left

rFire   + . .        N - staff of the Eternal Sage (curse) {rF+ Fire, Elem, Sorc} (curse)
rCold   . . .        (no shield)
rNeg    + . .        I - +0 steam dragon scales
rPois   +            (helmet restricted)
rElec   .            l - +2 cloak "Relativism of Ashenzari" {rPois, Elem, Sorc} (curse)
rCorr   .            (gloves unavailable)
SInv    +            (boots unavailable)
Will    +....        n - amulet of Ashenzari's Stars {RegenMP+, Sorc, Self} (curse)
Stlth   +            u - ring "Repadel" {+Blink MP+9 SInv}
HPRegen 0.50/turn    H - ring of Ashenzari's Asceticism {rN+, Comp, Elem} (curse)
MPRegen 0.68/turn

%: clarity
@: contaminated, glowing
A: large, unfitting armour, horns 1, tough skin 1, double potion healing,
drunken brawling
a: Renounce Religion, Evoke Blink, Curse Item, Shatter the Chains


You were on level 4 of the Shoals.
You worshipped Ashenzari.
Ashenzari was most pleased with you.
You visited 5 branches of the dungeon, and saw 26 of its levels.
You visited 1 bazaar.
You also visited: Ice Cave.

You collected 2697 gold pieces.
You spent 1759 gold pieces at shops.

Inventory:

Armour
 l - the cursed +2 cloak "Relativism of Ashenzari" (worn) {rPois, Elem, Sorc}
   (You bought it in a shop in a bazaar)

   It has a curse which improves the following skills: Elements: Fire Magic, Ice
   Magic, Air Magic and Earth Magic.
   Sorcery:   Conjurations and Alchemy.
 I - +0 steam dragon scales (worn)
Magical Staves
 N - the cursed staff of the Eternal Sage (weapon) {rF+ Fire, Elem, Sorc}
   (You acquired it on level 4 of the Lair of Beasts)

   [staff of fire]

   Base accuracy: +5 Base damage: 5 Base attack delay: 1.2 This weapon's minimum
   attack delay (0.6) is reached at skill level 12.
   rF+:       It protects you from fire.
   Fire:      It increases the power of your Fire spells.
   It falls into the 'Staves' category.
   It is a one-handed weapon.
   It has a curse which improves the following skills: Elements: Fire Magic, Ice
   Magic, Air Magic and Earth Magic.
   Sorcery:   Conjurations and Alchemy.
Jewellery
 i - the ring of Conversion {rPois rF+ Str+3 Int+3 SInv}
   (You bought it in a shop in a bazaar)

   [ring of see invisible]

   Str+3:     It affects your strength (+3).
   Int+3:     It affects your intelligence (+3).
   rF+:       It protects you from fire.
   rPois:     It protects you from poison.
   SInv:      It lets you see invisible.
 n - the cursed amulet of Ashenzari's Stars (around neck) {RegenMP+, Sorc, Self}
   (You found it on level 2 of the Dungeon)

   [amulet of magic regeneration]

   It increases your rate of magic regeneration.
   RegenMP+:  It increases your rate of magic regeneration.
   It has a curse which improves the following skills: Sorcery: Conjurations and
   Alchemy.
   Introspection: Fighting and Spellcasting.
 u - the ring "Repadel" (left hand) {+Blink MP+9 SInv}
   (You found it on level 11 of the Dungeon)

   [ring of magical power]

   MP+9:      It affects your magic capacity (+9).
   SInv:      It lets you see invisible.
   +Blink:    It lets you blink.
 y - a ring of see invisible
 H - the cursed ring of Ashenzari's Asceticism (right hand) {rN+, Comp, Elem}
   (You found it on level 8 of the Dungeon)

   [ring of positive energy]

   rN+:       It protects you from negative energy.
   It has a curse which improves the following skills: Companions: Summonings
   and Necromancy.
   Elements:  Fire Magic, Ice Magic, Air Magic and Earth Magic.
 O - a ring of willpower
 R - the ring "Byweajac" {rElec rPois rF++ Stlth-}
   (You found it in an ice cave)

   [ring of poison resistance]

   rF++:      It greatly protects you from fire.
   rElec:     It insulates you from electricity.
   rPois:     It protects you from poison.
   Stlth-:    It makes you less stealthy.
 S - a ring of protection from cold
 Y - a ring of wizardry
Wands
 r - a wand of roots (39)
 B - a wand of mindburst (11)
 F - a wand of charming (23)
 G - a wand of flame (37)
 Q - a wand of digging (24)
 T - a wand of polymorph (2)
 U - a wand of light (4)
Scrolls
 a - a scroll of fog
 d - 2 scrolls of fear
 f - 9 scrolls of teleportation
 h - 7 scrolls of revelation
 j - 5 scrolls of enchant weapon
 k - a scroll of blinking
 m - 7 scrolls of noise
 o - 4 scrolls of amnesia
 s - 3 scrolls of brand weapon
 t - 4 scrolls of silence
 x - 5 scrolls of vulnerability
 D - 2 scrolls of poison
 E - 4 scrolls of immolation
 K - 4 scrolls of butterflies
 W - 2 scrolls of enchant armour
Potions
 b - 2 potions of magic
 c - 3 potions of brilliance
 e - 3 potions of ambrosia
 g - 2 potions of resistance
 p - 6 potions of heal wounds
 q - 6 potions of curing
 v - 2 potions of invisibility
 w - 3 potions of enlightenment
 z - 2 potions of cancellation
 A - 4 potions of berserk rage
 J - 3 potions of attraction
 L - 2 potions of might
 M - 3 potions of haste
 P - 2 potions of mutation
 V - 2 potions of lignification
Miscellaneous
 X - a phantom mirror


   Skills:
 - Level 11.0(12.4) Fighting
 - Level 9.5 Staves
 - Level 5.6 Dodging
 - Level 1.4 Stealth
 - Level 10.3(11.8) Spellcasting
 + Level 13.9(16.8) Conjurations
 - Level 18.0(20.8) Fire Magic
 - Level 4.8(7.6) Alchemy
 - Level 10.1 Evocations


You had 2 spell levels left.
You knew the following spells:

 Your Spells              Type           Power      Damage    Failure   Level
a - Irradiate             Conj/Alch      30%        3d21      1%          5
b - Foxfire               Conj/Fire      100%       2x1d9     0%          1
c - Scorch                Fire           100%       2d9       0%          2
d - Starburst             Conj/Fire      48%        6d13      1%          6
e - Ignition              Fire           51%        3d14      6%          8
f - Mephitic Cloud        Conj/Alch/Air  49%        N/A       1%          3
g - Flame Wave            Conj/Fire      97%        2d20      1%          4
h - Summon Blazeheart Go  Fire/Summ      73%        N/A       1%          4
i - Fireball              Conj/Fire      48%        3d19      1%          5

Your spell library contained the following spells:

 Spells                   Type           Power      Damage    Failure   Level
 Freeze                   Ice            56%        1d7       4%          1
 Ensorcelled Hibernation  Hex/Ice        26%        N/A       7%          2
 Dazzling Flash           Conj/Hex       100%       N/A       1%          3
 Hailstorm                Conj/Ice       50%        3d10      1%          3
 Inner Flame              Hex/Fire       73%        N/A       1%          3
 Volatile Blastmotes      Fire/Tloc      100%       2d18      1%          3
 Ignite Poison            Fire/Alch      85%        N/A       1%          4
 Sticky Flame             Fire/Alch      85%        2d13      1%          4
 Arcjolt                  Conj/Air       25%        1d35      4%          5
 Plasma Beam              Fire/Air       37%        2x1d50    10%         6
 Frozen Ramparts          Ice            28%        1d5       13%         3
 Ozocubu's Armour         Ice            14%        N/A       13%         3
 Passwall                 Erth           14%        N/A       13%         3
 Swiftness                Air            14%        N/A       13%         3
 Fugue of the Fallen      Necr           13%        N/A       14%         3
 Anguish                  Hex/Necr       6%         N/A       43%         4
 Vhi's Electric Charge    Tloc/Air       26%        N/A       43%         4
 Cause Fear               Hex            6%         N/A       45%         4
 Curse of Agony           Necr           13%        N/A       78%         5
 Silence                  Hex/Air        6%         N/A       78%         5
 Fire Storm               Conj/Fire      48%        8d12      92%         9
 Maxwell's Capacitive Co  Air            7%         ∞         100%        8
 Dragon's Call            Summ           6%         N/A       100%        9


Dungeon Overview and Level Annotations

Branches:
Dungeon (15/15)            Temple (1/1) D:4            Lair (4/5) D:10
 Shoals (4/4) Lair:3       Spider (0/4) Lair:3          Orc (2/2) D:9
    Elf (0/3) Orc:2        Vaults (0/5) D:13         Depths (0/4) D:15
  IceCv (visited)
  Slime: Lair:4-5

Altars:
Ashenzari
Cheibriados
Dithmenos
Elyvilon
Fedhas
Gozag
Hepliaklqana
Kikubaaqudgha
Makhleb
Nemelex Xobeh
Okawaru
Qazlal
Ru
Sif Muna
Trog
Uskayaw
Vehumet
Wu Jian
Xom
Yredelemnul
Zin
The Shining One

Shops:
D:2 *   Orc:2 ?[[*

Annotations:
D:7 Jeremiah, Joseph


Innate Abilities, Weirdness & Mutations

You are too large for most types of armour.
You have a pair of small horns on your head.
You have tough skin. (AC +1)
You gain doubled healing and magic from potions.
Whenever you drink a healing potion, you attack all around you.


Message History

Confirm with . or Enter, or press ? or * to list all spells.
Casting: Ignition (dangerous; 6% risk of failure)
Press: ? - help, Dir - look around, f - activate You feel a surge of power!
The air bursts into flame!
The fireball engulfs the merfolk impaler!!!
The merfolk impaler is almost dead.
The fireball engulfs the merfolk javelineer!
The merfolk javelineer is almost dead.
The fireball engulfs the merfolk aquamancer!!
The merfolk aquamancer is almost dead.
The fireball engulfs the plant!!
The plant is moderately damaged.
The fireball engulfs the plant!!
The plant begins to die.
The plant is lightly damaged.
The merfolk javelineer throws a javelin.
The javelin closely misses you.
The javelin pierces through the plant!
Casting: Ignition (dangerous; 6% risk of failure)
Confirm with . or Enter, or press ? or * to list all spells.
Casting: Ignition (dangerous; 6% risk of failure)
Press: ? - help, Dir - look around, f - activate You feel a surge of power!
You miscast Ignition.
You feel uncomfortably hot! You resist.
A nearby plant withers and dies.
The merfolk javelineer throws a javelin.
The javelin pierces through you!!
The javelin pierces through the plant!!
The merfolk aquamancer casts a spell at you.
The shard of ice hits you!!!
* * * LOW HITPOINT WARNING * * *
Casting: Ignition (dangerous; 6% risk of failure)
Confirm with . or Enter, or press ? or * to list all spells.
Casting: Ignition (dangerous; 6% risk of failure)
Press: ? - help, Dir - look around, f - activate You feel a surge of power!
You miscast Ignition.
You are contaminated with residual magic.
There is a sudden and violent explosion of flames!
You resist.
* * * LOW HITPOINT WARNING * * *
A nearby plant withers and dies.
The merfolk javelineer throws a javelin.
The javelin pierces through you!!
You die...

##...........~.≈≈≈~~.#....
..........P...~≈≈≈~..##...
.P..........~~≈≈≈~..#.<.
..........#~~≈≈≈~~~##.#
#m...P...##.~~(÷~§.###
#.P......###.~~##~... ß
#...m.....##.(~##~~~.
....##m.......##....~≈≈≈≈
_.....'..@...<.##.<.[≈≈≈≈≈
#....##........##....~≈≈≈≈
#ß.. #.P.......##[.)##.~.~
... ##........###~~~##.~~.
.. ##........##.~~≈)~.~###
# ..........#~..≈≈≈..##..
......)......~≈≈≈~.~#.<.
.........(.~.~≈≈≈~)##...
............≈≈≈~~~#....


You could see a merfolk impaler, a merfolk javelineer and a merfolk aquamancer.

Vanquished Creatures
  Jorgrun (D:14)
  Rupert (D:13)
  A tengu reaver (D:14)
  2 krakens
  Agnes (D:14)
  A frost giant (D:14)
  Nessos (D:13)
  A very ugly thing (D:15)
  9 merfolk impalers
  Snorg (D:12)
  5 merfolk javelineers (Shoals:4)
  Josephine (D:15)
  A rakshasa (D:14)
  2 great orbs of eyes
  5 merfolk avatars
  9 hydras
  An ogre mage (D:13)
  2 centaur warriors (D:13)
  2 ironbound frosthearts (IceCv)
  An alligator snapping turtle (Shoals:3)
  A merfolk aquamancer (Shoals:4)
  2 two-headed ogres
  3 satyrs
  8 death yaks
  A tengu warrior (D:13)
  A death knight (D:13)
  5 boulder beetles
  A deep troll earth mage (D:14)
  5 orc high priests (Orc:2)
  Urug (Orc:2)
  A holy swine (Shoals:4)
  3 skysharks
  A cherub (Shoals:4)
  A fire crab (Lair:1)
  A glowing orange brain (shapeshifter) (D:15)
  A shadow wraith (D:13)
  18 skeletal warriors
  6 sea snakes
  A flayed ghost (D:14)
  A phantasmal warrior (D:14)
  9 harpies (Shoals:2)
  A necromancer (D:14)
  3 deep elf pyromancers
  An arcanist (D:14)
  A deep elf zephyrmancer (D:14)
  A harpy (shapeshifter) (D:13)
  A lindwurm (Lair:4)
  A wolf spider (D:13)
  8 orc knights
  19 ugly things
  Maurice (D:9)
  An orc sorcerer (Orc:1)
  5 elephants (Lair:4)
  11 cyclopes
  9 manticores
  A kobold blastminer (Orc:2)
  22 fauns
  5 merfolk sirens
  A meliai (shapeshifter) (D:13)
  2 meliai
  An ice statue (IceCv)
  5 black mambas
  A torpor snail (Lair:3)
  3 water nymphs
  12 cane toads
  An efreet (D:15)
  A cane toad (shapeshifter) (D:14)
  6 rime drakes
  3 komodo dragons
  3 kobold demonologists
  A tengu conjurer (D:15)
  19 merfolk
  A polar bear (shapeshifter) (D:13)
  3 trolls
  10 polar bears
  6 wind drakes
  A hornet (D:9)
  A blink frog (shapeshifter) (D:13)
  7 dream sheep
  3 snapping turtles
  21 slime creatures
  A shadow (D:10)
  61 yaks
  3 wyverns
  3 vampires
  2 yaks (shapeshifter)
  A spriggan (Lair:1)
  4 water elementals
  5 wraiths
  5 basilisks
  3 wargs
  11 steam dragons
  3 vampire mosquitoes (D:15)
  12 water moccasins
  32 orc warriors
  A sky beast (D:6)
  A black bear (D:5)
  2 ice beasts (D:5)
  A laughing skull (D:12)
  A swamp drake (D:9)
  24 wolves
  6 ogres
  3 centaurs
  5 boggarts (D:15)
  3 phantoms (D:4)
  2 kobold brigands
  16 bullfrogs
  16 wights
  16 killer bees
  4 howler monkeys
  A crimson imp (D:14)
  A bombardier beetle (D:5)
  3 jellies
  6 hounds
  A bullfrog skeleton (D:4)
  A gnoll bouda (D:4)
  22 orc priests
  5 iguanas
  3 sleepcaps
  28 orc wizards
  10 hell rats
  2 centaur simulacra
  A hound zombie (D:4)
  A hound skeleton (D:4)
  A howler monkey zombie (D:4)
  Robin (D:2)
  8 gnolls
  4 adders
  15 river rats (Lair:3)
  2 howler monkey simulacra (D:9)
  19 white imps
  6 ufetubi
  3 ribbon worms (D:2)
  87 orcs
  5 endoplasms
  2 giant cockroaches
  15 goblins
  10 hobgoblins
  4 jackals (D:2)
  17 kobolds
  10 quokkas
  8 ball pythons
  4 bats
  7 frilled lizards
  13 rats
  14 tentacles
909 creatures vanquished.

Vanquished Creatures (collateral kills)
  A komodo dragon (Lair:4)
  An efreet (D:14)
  A laughing skull (D:14)
  13 foxfires
16 creatures vanquished.

Vanquished Creatures (others)
  2 blazeheart cores (D:14)
  1606 foxfires
  15 tentacles
1623 creatures vanquished.

Grand Total: 2548 creatures vanquished

Notes
Turn   | Place    | Note
-------+----------+-------------------------------------------
     0 | D:1      | D12ThenQuit the Oni Fire Elementalist began the quest for
                  | the Orb.
     0 | D:1      | Reached XP level 1. HP: 16/16 MP: 3/3
     8 | D:1      | Reached skill level 1 in Conjurations
   201 | D:1      | Reached XP level 2. HP: 24/24 MP: 3/5
   205 | D:1      | Learned a level 2 spell: Scorch
   603 | D:1      | Reached skill level 3 in Fire Magic
   716 | D:1      | Reached XP level 3. HP: 31/31 MP: 1/7
  1275 | D:2      | Found a basalt altar of Yredelemnul.
  1394 | D:2      | Reached XP level 4. HP: 39/39 MP: 6/9
  1403 | D:2      | Noticed Robin
  1424 | D:2      | Killed Robin
  1500 | D:2      | Found Ofocs's Assorted Antiques.
  1507 | D:2      | Bought a metallic blue potion for 19 gold pieces
  1507 | D:2      | Bought a scroll labelled BOSEKA SERUCVE for 22 gold pieces
  1828 | D:3      | Found a faded altar of an unknown god.
  1997 | D:3      | Reached skill level 4 in Fire Magic
  1997 | D:3      | Reached XP level 5. HP: 45/45 MP: 7/11
  2208 | D:3      | Noticed an ogre
  2294 | D:3      | Killed an ogre
  2295 | D:3      | Reached XP level 6. HP: 53/53 MP: 7/13
  2922 | D:4      | Reached skill level 5 in Spellcasting
  2952 | D:4      | Reached skill level 5 in Fire Magic
  2952 | D:4      | Reached XP level 7. HP: 51/59 MP: 9/15
  3087 | D:4      | Found a staircase to the Ecumenical Temple.
  3153 | Temple   | Entered the Ecumenical Temple
  3157 | Temple   | Became a worshipper of Ashenzari the Shackled
  3845 | D:5      | Entered Level 5 of the Dungeon
  4005 | D:5      | Reached skill level 6 in Fire Magic
  4027 | D:5      | Reached * piety under Ashenzari
  4042 | D:5      | Reached XP level 8. HP: 67/67 MP: 16/18
  4475 | D:5      | Found a sacrificial altar of Ru.
  4548 | D:5      | Reached skill level 7 in Fire Magic
  4752 | D:5      | Learned a level 5 spell: Irradiate
  5033 | D:6      | Reached ** piety under Ashenzari
  5047 | D:6      | Reached skill level 1 in Alchemy
  5047 | D:6      | Reached XP level 9. HP: 66/74 MP: 17/22
  5227 | D:6      | Reached skill level 8 in Fire Magic
  5468 | D:6      | Found a radiant altar of Vehumet.
  5468 | D:6      | Found a shimmering blue altar of Sif Muna.
  5476 | D:6      | Found a faded altar of an unknown god.
  5487 | D:6      | Found a sparkling altar of Nemelex Xobeh.
  5488 | D:6      | Found a hazy altar of Hepliaklqana.
  5596 | D:7      | Found a burning altar of Makhleb.
  5605 | D:7      | Found a basalt altar of Yredelemnul.
  5629 | D:7      | Reached *** piety under Ashenzari
  5659 | D:7      | Identified the +0 ring mail of Oblivion {Harm rC+ Int+3
                  | Dex+2}
  5723 | D:7      | Noticed Jeremiah
  6007 | D:7      | Noticed Joseph
  6207 | D:7      | Learned a level 4 spell: Flame Wave
  6414 | D:8      | Reached **** piety under Ashenzari
  6482 | D:8      | Reached skill level 1 in Fighting
  6812 | D:8      | Reached XP level 10. HP: 96/96 MP: 17/26
  6825 | D:8      | Reached skill level 10 in Spellcasting
  7041 | D:8      | Noticed a boulder beetle
  7055 | D:8      | Killed a boulder beetle
  7499 | D:8      | Learned a level 3 spell: Mephitic Cloud
  7499 | D:8      | Upgraded the game from 0.32-a0-35-gd9ff480968 to
                  | 0.32-a0-391-gce5c0aab1b
  7623 | D:9      | Reached ***** piety under Ashenzari
  7692 | D:9      | Reached skill level 5 in Fighting
  7692 | D:9      | Reached skill level 9 in Fire Magic
  7971 | D:9      | Found a bloodstained altar of Trog.
  8046 | D:9      | Reached skill level 10 in Fire Magic
  8046 | D:9      | Reached XP level 11. HP: 104/111 MP: 14/28
  8282 | D:9      | Noticed Maurice
  8301 | D:9      | Killed Maurice
  8464 | D:9      | Found a staircase to the Orcish Mines.
  8482 | D:9      | Reached skill level 11 in Fire Magic
  8897 | D:10     | Entered Level 10 of the Dungeon
  9010 | D:10     | Identified a scroll of acquirement
  9110 | D:10     | Noticed a skeletal warrior
  9253 | D:10     | Found a staircase to the Lair.
  9330 | Lair:1   | Entered Level 1 of the Lair of Beasts
  9385 | Lair:1   | Found a frozen archway.
  9429 | IceCv    | Entered an ice cave
  9552 | IceCv    | Reached skill level 12 in Fire Magic
 10079 | IceCv    | Reached skill level 13 in Fire Magic
 10085 | IceCv    | Reached XP level 12. HP: 73/119 MP: 13/29
 10257 | IceCv    | Noticed a death yak
 10297 | IceCv    | Killed a death yak
 10492 | IceCv    | Noticed a death yak
 10492 | IceCv    | Noticed a death yak
 10552 | IceCv    | Killed a death yak
 10557 | IceCv    | Killed a death yak
 10836 | IceCv    | Reached skill level 14 in Fire Magic
 11370 | IceCv    | Noticed an ironbound frostheart
 11696 | IceCv    | Killed an ironbound frostheart
 12013 | IceCv    | Noticed an ironbound frostheart
 12020 | IceCv    | Killed an ironbound frostheart
 12022 | IceCv    | Noticed a death yak
 12058 | IceCv    | Killed a death yak
 12218 | IceCv    | Noticed a death yak
 12240 | IceCv    | Killed a death yak
 12241 | IceCv    | Reached skill level 15 in Fire Magic
 12533 | IceCv    | Identified the ring "Byweajac" {rElec rPois rF++ Stlth-}
 12534 | IceCv    | Noticed a death yak
 12554 | IceCv    | Killed a death yak
 12782 | IceCv    | Learned a level 8 spell: Ignition
 12782 | IceCv    | Upgraded the game from 0.32-a0-391-gce5c0aab1b to
                  | 0.32-a0-612-g1c984fe9d1
 13928 | Lair:1   | Noticed an eight-headed hydra
 14217 | Lair:2   | Reached XP level 13. HP: 127/127 MP: 23/30
 14219 | Lair:2   | Reached skill level 16 in Fire Magic
 15511 | Lair:1   | Reached skill level 1 in Evocations
 15576 | Lair:1   | Learned a level 6 spell: Starburst
 15731 | Lair:3   | Reached skill level 5 in Conjurations
 15848 | Lair:3   | Found a hole to the Spider Nest.
 16200 | Lair:3   | Found a staircase to the Shoals.
 16520 | Lair:3   | Upgraded the game from 0.32-a0-612-g1c984fe9d1 to
                  | 0.32-a0-616-g9348d4545b
 17326 | Lair:4   | Reached skill level 17 in Fire Magic
 17693 | Lair:4   | Found the +3 pair of seven-league boots {Rampage+∞}
 18135 | Lair:4   | Reached XP level 14. HP: 136/136 MP: 19/31
 18142 | Lair:4   | Acquired a staff of fire
 18332 | Lair:4   | Reached skill level 1 in Staves
 18558 | Lair:4   | Reached skill level 5 in Evocations
 18932 | D:10     | Found an opulent altar of Gozag.
 19585 | D:11     | Identified the ring "Repadel" {+Blink MP+9 SInv}
 20355 | D:12     | Found a flickering gateway to a bazaar.
 20370 | D:12     | Reached skill level 5 in Staves
 20385 | Bazaar   | Entered a bazaar
 20426 | Bazaar   | Found Ulaliupp's Armour Emporium.
 20426 | Bazaar   | Found Extufosch's Book Shoppe.
 20448 | Bazaar   | Found Zesadwet's Jewellery Emporium.
 20448 | Bazaar   | Found Wuon's Jewellery Shoppe.
 20470 | Bazaar   | Found Ismuclo's Antique Armour Emporium.
 20470 | Bazaar   | Found Hanub's Antique Weapon Shoppe.
 20492 | Bazaar   | Found Jabbompo's Antique Armour Emporium.
 20556 | Bazaar   | Bought the ring of Conversion {rPois rF+ Str+3 Int+3 SInv}
                  | for 732 gold pieces
 20576 | Bazaar   | Bought a +1 cloak of poison resistance for 202 gold pieces
 20703 | D:12     | Noticed Snorg
 20714 | D:12     | Killed Snorg
 21492 | Orc:1    | Entered Level 1 of the Orcish Mines
 21795 | Orc:2    | Entered Level 2 of the Orcish Mines
 22031 | Orc:2    | Noticed Urug
 22037 | Orc:2    | Killed Urug
 22240 | Orc:2    | Found a staircase to the Elven Halls.
 23002 | Orc:2    | Reached XP level 15. HP: 122/137 MP: 20/30
 23175 | Orc:2    | Found Benod's General Store.
 23178 | Orc:2    | Found Norijuiwk's Antique Armour Boutique.
 23179 | Orc:2    | Found Syvatan's Magic Scroll Shop.
 23180 | Orc:2    | Found Ofuf's Antique Armour Shop.
 23187 | Orc:2    | Bought a scroll of enchant armour for 112 gold pieces
 23194 | Orc:2    | Bought Xeeck's Vellum of Incandescent Rime for 672 gold
                  | pieces
 23199 | Orc:2    | Learned a level 4 spell: Summon Blazeheart Golem
 23808 | D:12     | Reached XP level 16. HP: 144/144 MP: 32/32
 24485 | D:13     | Noticed Nessos
 24520 | D:13     | Killed Nessos
 24584 | D:13     | Reached skill level 10 in Evocations
 24800 | D:13     | Found a gate to the Vaults.
 24960 | D:13     | Noticed Rupert
 24966 | D:13     | Killed Rupert
 26102 | D:14     | Noticed Jorgrun
 26109 | D:14     | Killed Jorgrun
 26313 | D:14     | Found a glowing silver altar of Zin.
 26421 | D:14     | Reached skill level 10 in Fighting
 26677 | D:14     | Reached skill level 5 in Dodging
 26677 | D:14     | Noticed a tengu reaver
 26681 | D:14     | Killed a tengu reaver
 26934 | D:14     | Noticed Agnes
 26940 | D:14     | Killed Agnes
 27464 | D:15     | Entered Level 15 of the Dungeon
 27474 | D:15     | Reached XP level 17. HP: 160/175 MP: 19/33
 27652 | D:15     | Noticed Josephine
 27917 | D:15     | Killed Josephine
 28493 | D:15     | Reached skill level 18 in Fire Magic
 28944 | D:15     | Found a staircase to the Depths.
 29238 | Shoals:1 | Entered Level 1 of the Shoals
 30303 | Shoals:2 | Reached skill level 10 in Conjurations
 31523 | Shoals:3 | Noticed a kraken
 32516 | Shoals:3 | Reached XP level 18. HP: 160/183 MP: 12/33
 32880 | Shoals:4 | Entered Level 4 of the Shoals
 33016 | Shoals:3 | Upgraded the game from 0.32-a0-616-g9348d4545b to
                  | 0.32-a0-666-ge8a88695a4
 33080 | Shoals:4 | Identified the +0 plate armour of Salluhu {Harm Fly rPois
                  | Dex+2}
 33153 | Shoals:4 | Learned a level 5 spell: Fireball
 33153 | Shoals:4 | Found a glowing golden altar of the Shining One.
 33911 | Shoals:4 | Found a glowing silver altar of Zin.
 33919 | Shoals:4 | Hit by a javelin thrown by a merfolk javelineer

Illustrated notes

Levels and vault maps discovered:
D:1:      minmay_arrival_checkered_box, layout_loops_cross
D:2:      layout_loops_ring, serial_shops, shop, basic_altar, uniq_robin
D:3:      layout_basic, hellmonk_ecumenical_altar_pennies_from_heaven,
          hangedman_decor_push
D:4:      layout_basic, minmay_temple_entry_purple_smoke, serial_undead,
          serial_undead_f, serial_undead_a, serial_undead_b, serial_undead_c,
          nicolae_titane
D:5:      layout_basic, nicolae_ru_the_path_less_chosen
D:6:      layout_rooms, chequers_temple_overflow_minitemple, solitary_fountain
D:7:      layout_cave_pools, tso_altar, grunt_temple_overflow_open, uniq_joseph,
          uniq_jeremiah
D:8:      layout_basic
D:9:      layout_small_grid, trog_hazing_becter, erik_orc_1, serial_ice,
          serial_ice_j, serial_ice_b, serial_ice_f, serial_ice_g,
          nrook_mini_backslash, uniq_maurice
D:10:     layout_roguey, grunt_gozag_breadcrumbs, dpeg_oklobed_lair
D:11:     layout_loops_cross, serial_rivers, chequers_serial_rivers_micro_d,
          chequers_serial_rivers_small_b, chequers_serial_rivers_large_b,
          chequers_serial_rivers_large_a, chequers_serial_rivers_small_b,
          chequers_serial_rivers_room_a
D:12:     layout_irregular_city, serial_shops, bzr_entry_customers, uniq_snorg
D:13:     minmay_connected_triangles_in_corner, layout_loops_ring,
          david_vaults_4, corexii_leaking_fountain, grunt_ministairs_5,
          uniq_rupert, uniq_nessos
D:14:     minmay_octo_star, layout_loops_cross, zin_angel,
          serial_library_hellmonk_room_a, minivault_25_ag, lightli_wizard_tower,
          uniq_jorgrun, uniq_agnes
D:15:     gammafunk_enter_depths_forms, layout_small_grid,
          serial_park_tiny_pond, uniq_josephine
Temple:   hellmonk_temple_two_chambers
Lair:1:   layout_gridlike, portal_ice_cave_entry_imps, st_stairs_9,
          grunt_forest_large_clearing_hut
Lair:2:   layout_layer_cave
Lair:3:   lemuel_ratsnest, layout_cave_pods, minmay_shoals_entry_lonely_mermaid,
          hellmonk_spider_entry_not_the_bees, bh_autumn_forest_stairs,
          chequers_serial_rivers_room_b
Lair:4:   nzn_winding_woodlands_stair_trap [nzn_winding_woodlands_5x15_sawtooth,
          nzn_winding_woodlands_5x15_pool,
          nzn_winding_woodlands_5x15_concentric,
          nzn_winding_woodlands_15x15_thick_spiral,
          nzn_winding_woodlands_5x15_twine,
          nzn_winding_woodlands_5x15_longhouse,
          nzn_winding_woodlands_5x15_pathside_ponds], layout_regular_city,
          bobbens_dragon_lair_wall
Shoals:1: layout_shoals, nicolae_shoals_dead_sea_scrolls
Shoals:2: layout_shoals
Shoals:3: layout_shoals
Shoals:4: shoals_end_hellmonk_holy_island
Orc:1:    layout_diamond_mine
Orc:2:    st_orc_pillars, layout_diamond_mine, uniq_urug

Skill      XL: |  1  2  3  4  5  6  7  8  9 10 11 12 13 14 15 16 17 18 |
---------------+-------------------------------------------------------+-----
Conjurations   | 1 3 4 6 12 13 | 13.9
Fire Magic     | 3 4 5 6 7 8 10 13 15 17 18 | 18.0
Spellcasting   | 3 4 5 6 8 9 10 | 10.3
Alchemy        | 1 3 4 |  4.8
Fighting       | 2 5 10 11 | 11.0
Evocations     | 4 8 9 10 | 10.1
Staves         | 7 9 |  9.5
Dodging        | 5 |  5.6
Stealth        | |  1.4

Action                     |  1- 3 |  4- 6 |  7- 9 | 10-12 | 13-15 | 16-18 || total
---------------------------+-------+-------+-------+-------+-------+-------++-------
  Melee: Unarmed           |    12 |       |       |       |       |       ||    12
         Headbutt          |     2 |     3 |     8 |     1 |    21 |    44 ||    79
         Club              |    11 |    12 |       |       |       |       ||    23
         Spear             |       |     2 |       |       |       |       ||     2
         Quarterstaff      |       |     7 |    33 |     3 |    46 |       ||    89
         Staff             |       |       |       |       |    47 |   133 ||   180
  Throw: Large rock        |       |       |       |       |     5 |       ||     5
   Cast: Foxfire           |    48 |    65 |   229 |   415 |   111 |    97 ||   965
         Scorch            |     9 |    15 |    66 |    38 |    43 |       ||   171
         Flame Wave        |       |       |     2 |    51 |     2 |       ||    55
         Mephitic Cloud    |       |       |       |    10 |     6 |       ||    16
         Irradiate         |       |       |       |    22 |     6 |     7 ||    35
         Ignition          |       |       |       |       |    81 |   141 ||   222
         Starburst         |       |       |       |       |    88 |   131 ||   219
         Summon Blazeheart |       |       |       |       |     1 |     4 ||     5
         Fireball          |       |       |       |       |       |     6 ||     6
 Invoke: Curse Item        |       |       |     4 |     1 |     2 |       ||     7
         Shatter the Chain |       |       |       |       |     2 |     1 ||     3
Ability: Evoke Blink       |       |       |       |       |     1 |     2 ||     3
  Evoke: Wand              |       |       |       |     1 |     6 |     4 ||    11
    Use: Scroll            |       |     1 |     6 |     1 |     2 |     1 ||    11
         Potion            |       |     1 |       |       |     2 |     2 ||     5
   Stab: Sleeping          |     1 |     1 |     1 |       |       |       ||     3
         Distracted        |       |       |       |       |       |     1 ||     1
 Armour: Robe              |    24 |    33 |    76 |   143 |   163 |   104 ||   543
         Steam dragon scal |       |       |       |       |       |   122 ||   122
  Dodge: Dodged            |    18 |     9 |    45 |    64 |    84 |    98 ||   318

Table legend: (Time is in decaauts)
 A = Elapsed time spent in this place.
 B = Non-inter-level travel time spent in this place.
 C = Inter-level travel time spent in this place.
 D = Time resting spent in this place.
 E = Time spent auto-exploring this place.
 F = Levels seen in this place.
 G = Mean time per level.
                   A        B        C        D        E       F      G
               +--------+--------+--------+--------+--------+-----+--------+
         Total |  33937 |  32430 |   1507 |   7798 |  16861 |  28 | 1212.0 |
       Dungeon |  17837 |  16846 |    991 |   3652 |   9291 |  15 | 1189.1 |
        Temple |      8 |      6 |      2 |      0 |      0 |   1 |    8.0 |
          Lair |   6114 |   5880 |    234 |   1305 |   3199 |   4 | 1528.5 |
        Shoals |   4678 |   4484 |    194 |   1677 |   1760 |   4 | 1169.5 |
  Orcish Mines |   1693 |   1608 |     85 |    142 |    923 |   2 |  846.5 |
        Bazaar |    248 |    248 |      0 |      0 |    116 |   1 |  248.0 |
      Ice Cave |   3356 |   3356 |      0 |   1022 |   1572 |   1 | 3356.0 |
               +--------+--------+--------+--------+--------+-----+--------+

Top non-repeatable levels by time:
   IceCv: 3356 daAuts
    D:14: 2172 daAuts
  Lair:1: 1829 daAuts
     D:9: 1791 daAuts
  Lair:3: 1694 daAuts
    D:13: 1693 daAuts
Shoals:2: 1622 daAuts
    D:15: 1358 daAuts
  Lair:4: 1342 daAuts
Shoals:3: 1328 daAuts
    D:12: 1279 daAuts
   Orc:2: 1257 daAuts
  Lair:2: 1248 daAuts
     D:5: 1177 daAuts
     D:8: 1147 daAuts
